Map: Altitude LE

Players

Femto - Winner!

  • Race: Protoss Protoss
  • League: Gold
  • Spawn Location: 7:00

Spydacole

  • Race: Protoss Protoss
  • League: Gold
  • Spawn Location: 1:00

VOD

Have the link to the VOD?

Description

Time

  • Played on: March 11, 2023, 9:22 p.m.
  • Length: 9:30
Show
View Real Time Build Order
Export as new Build Order

Femto Protoss - Winner!

Build Orders:  

Get SALT Encoding   

  12  0:00  Probe  
  13  0:12  Probe  
  14  0:19  Pylon  
  14  0:24  Probe  
  15  0:39  Gateway  
  15  0:43  Assimilator  
  15  0:45  Probe  
  16  0:51  Assimilator  
  16  0:57  Probe  
  17  1:08  Pylon  
  17  1:14  Probe  
  18  1:21  Gateway  
  18  1:29  Zealot  
  20  1:34  Cybernetics Core  
  20  1:38  Probe  
  21  1:50  Probe  
  21  1:53  Gateway  
  22  2:05  Gateway  
  22  2:09  Probe  
  23  2:19  Stalker  
  23  2:22  Probe  
  26  2:25  Stalker  
  26  2:29  Warp Gate (Chrono Boost)  
  28  2:34  Probe  
  29  2:40  Stalker  
  29  2:59  Stalker  
  31  3:07  Pylon  
  31  3:19  Stalker  
  31  3:25  Stalker x2  
  33  3:56  Stalker x3  
  37  4:16  Stalker  
  37  4:40  Stalker  
  37  4:45  Pylon  
  39  5:17  Stalker x3  
  39  5:18  Stalker  
  47  5:23  Pylon  
  47  5:25  Pylon  
  47  6:08  Stalker x3  
  47  6:09  Stalker  
  55  7:35  Pylon  
  55  7:53  Pylon  
  55  7:54  Stalker x4  
  55  8:24  Stalker x2  
  55  8:25  Stalker x2  
  59  8:48  Stalker x4  
Show
View Real Time Build Order
Export as new Build Order

Spydacole Protoss 

Build Orders:  

Get SALT Encoding   

  12  0:00  Probe  
  13  0:18  Probe (Chrono Boost)  
  15  0:28  Probe (Chrono Boost)  
  15  0:38  Pylon  
  15  0:56  Probe  
  16  1:01  Gateway  
  16  1:03  Gateway  
  16  1:08  Probe  
  17  1:11  Gateway  
  17  1:21  Assimilator, Probe (Chrono Boost)  
  18  1:31  Probe (Chrono Boost)  
  19  1:36  Probe (Chrono Boost)  
  20  1:49  Zealot (Chrono Boost)  
  20  1:52  Cybernetics Core  
  22  1:55  Pylon  
  22  2:12  Zealot (Chrono Boost)  
  22  2:13  Pylon  
  26  2:21  Zealot (Chrono Boost)  
  28  2:28  Stalker (Chrono Boost)  
  28  2:30  Stalker  
  28  2:32  Probe  
  31  2:41  Stalker  
  31  2:42  Assimilator  
  33  3:03  Stalker  
  35  3:08  Probe  
  36  3:15  Pylon  
  34  3:37  Stalker x2  
  36  3:46  Warp Gate (Chrono Boost)  
  34  3:54  Zealot  
  36  4:07  Zealot  
  36  4:08  Zealot  
  40  4:21  Stalker  
  40  4:33  Probe  
  39  4:43  Nexus  
  33  5:07  Pylon  
  33  5:09  Pylon  
  31  5:23  Stalker  
  33  5:36  Probe  
  33  5:39  Stalker x2  
  38  5:48  Probe  
  38  5:49  Stalker  
  40  6:08  Pylon  
  40  6:10  Pylon  
  40  6:16  Probe x2  
  42  6:19  Gateway  
  42  6:20  Gateway  
  42  6:22  Shield Battery  
  42  6:24  Shield Battery  
  42  6:28  Shield Battery  
  42  6:29  Shield Battery  
  42  6:37  Probe x2  
  44  6:58  Gateway  
  44  7:17  Cybernetics Core  
  44  7:24  Zealot x2  
  46  7:54  Stalker x2  
  44  8:18  Stalker x2  
  48  8:26  Shield Battery  
  48  8:27  Robotics Facility  
  37  9:07  Stalker  
Tags
 
League
GoldGold
Matchup
PvP
Spawn Locations
Cross Positions
Add a new tag
Caveats
  • Supply blocks, unpowered buildings, or Contaminate may cause inaccurate times.
  • Supply counts are checked every 10 seconds.